 Dungeon Crawl Stone Soup version 0.28-a0-969-g2dcde036d2 (webtiles) character file.

Game seed: 9300309628086751005

319 HessuHobo the Ogre Mage (level 6, 0/53 HPs)
             Began as an Ogre Venom Mage on Nov 30, 2021.
             Was an Initiate of Ru.
             Killed from afar by Blork the orc (8 damage)
             ... with a puff of flame
             ... on level 4 of the Dungeon on Dec 1, 2021.
             The game lasted 00:13:26 (5928 turns).

HessuHobo the Ogre Mage (Ogre Venom Mage)           Turns: 5928, Time: 00:13:26

Health: 0/53       AC:  4    Str: 13    XL:     6   Next: 46%
Magic:  0/12       EV:  9    Int: 18    God:    Ru [......]
Gold:   179        SH:  5    Dex:  9    Spells: 11/14 levels left

rFire   . . .      SeeInvis .   h - +2 dagger (speed)
rCold   . . .      Faith    .   (no shield)
rNeg    . . .      Spirit   .   a - +0 robe
rPois   .          Reflect  +   (helmet restricted)
rElec   .          Harm     .   k - +0 cloak
rCorr   .          Rampage  .   (gloves unavailable)
Will    .....                   (boots unavailable)
Stlth   +.........              p - amulet of reflection
HPRegen 0.17/turn               (no ring)
MPRegen 0.13/turn               (no ring)

@: hasted, very quick
A: large, unfitting armour, tough skin 1
a: Renounce Religion, Sacrifice Arcana, Sacrifice Stealth, Sacrifice Purity,
Reject Sacrifices


You were on level 4 of the Dungeon.
You worshipped Ru.
Ru was noncommittal.
You visited 1 branch of the dungeon, and saw 4 of its levels.

You collected 179 gold pieces.

Inventory:

Hand Weapons
 c - a +0 short sword
 h - a +2 dagger of speed (weapon)
 o - a +2 dagger of speed
 s - a +0 short sword
Armour
 a - a +0 robe (worn)
 k - a +0 cloak (worn)
Jewellery
 p - an amulet of reflection (around neck)
 r - an amulet of the acrobat
Scrolls
 b - 2 scrolls of identify
 i - a scroll of amnesia {unknown}
 j - 2 scrolls of vulnerability
 m - 4 scrolls of teleportation {unknown}
 n - a scroll of magic mapping {unknown}
 t - a scroll of torment {unknown}
Potions
 d - a potion of flight {unknown}
 e - a potion of might {unknown}
 f - a potion of lignification {unknown}
 g - a potion of berserk rage {unknown}
 l - 2 potions of haste
 q - a potion of attraction {unknown}


   Skills:
 - Level 1.7 Dodging
 - Level 1.4 Stealth
 + Level 4.6 Spellcasting
 + Level 3.3 Transmutations
 + Level 4.2 Poison Magic


You had 11 spell levels left.
You knew the following spells:

 Your Spells              Type           Power      Damage    Failure   Level
a - Sting                 Tmut/Pois      68%        1d6       3%          1
b - Poisonous Vapours     Pois/Air       22%        N/A       9%          2

Your spell library contained the following spells:

 Spells                   Type           Power      Damage    Failure   Level
 Apportation              Tloc           8%         N/A       14%         1
 Mephitic Cloud           Conj/Pois/Air  9%         N/A       24%         3
 Olgreb's Toxic Radiance  Pois           19%        N/A       24%         4
 Inner Flame              Hex/Fire       4%         N/A       38%         3
 Alistair's Intoxication  Tmut/Pois      11%        N/A       63%         5
 Cause Fear               Hex            2%         N/A       80%         4
 Discord                  Hex            2%         N/A       100%        8


Dungeon Overview and Level Annotations

Branches:
Dungeon (4/15)
 Temple: D:4-7

Altars:
Ru

Annotations:
D:4 Blork the orc


Innate Abilities, Weirdness & Mutations

You are too large for most types of armour.
You have tough skin. (AC +1)


Message History

You feel a bit more experienced.
Blork the orc screams, "I'll cover the dungeon with your blood!"
Okay, then.
You feel yourself speed up.
Blork the orc hits you with a +1 vorpal long sword!
Blork the orc screams, "I don't like you!"
Blork the orc completely misses you. The orc hits you with a +0 mace.
Blork the orc points at you and mumbles some strange words.
The puff of flame hits you.
* * * LOW HITPOINT WARNING * * *
Your magical contamination has completely faded away.
Blork the orc points at you and mumbles some strange words.
The puff of flame hits you!
* * * LOW HITPOINT WARNING * * *
An orc comes into view. It is wielding a +0 dagger of venom.
Found a kite shield.
The orc shouts!
You see here a +0 kite shield.
Blork the orc begins to cast a cantrip, but forgets the words!
Blork the orc looks more healthy.
Found 11 gold pieces.
Blork the orc casts a spell at you. The puff of frost misses you.
Casting: Sting (safe; 3% risk of failure)
Confirm with . or Enter, or press ? or * to list all spells.
Aiming: Poisonous Vapours (safe; 9% risk of failure)
Press: ? - help, Dir - move target, f/p - Blork the orc
Aim: Blork the orc, wielding a +1 vorpal long sword and wearing a +1 robe of cold resistance (heavily wounded) Poisonous vapours surround Blork the orc!
Blork the orc is poisoned.
Casting: Poisonous Vapours (safe; 9% risk of failure)
Confirm with . or Enter, or press ? or * to list all spells.
Aiming: Poisonous Vapours (safe; 9% risk of failure)
Press: ? - help, Dir - move target, f/p - Blork the orc
Aim: Blork the orc, wielding a +1 vorpal long sword and wearing a +1 robe of cold resistance (heavily wounded, poisoned) Poisonous vapours surround Blork the orc!
Blork the orc looks even sicker.
Blork the orc gestures at you while chanting.
The puff of flame hits you!
You die...

#.# . #.# . . ####.#######
##... #........... ..#.# #
#.########## #.#.#.#
#######)# #.#.#.#
#.).....############......
#.#######.......o........#
#.# #@##########...... #.#
#.# #..#### #g# #.# #..###
#.# #.# #..#.## #g### #.#
#o....# ## #.#.# #.##
##.#.#. .# #g.# ## #<.#
#...... .## #.###.# ##.#
##.#.#. ..# ##.#.# #)#
##...#


You could see Blork the orc (very poisoned).

Vanquished Creatures
  A centaur zombie (D:4)
  A jelly (D:3)
  A hound (D:3)
  An orc wizard (D:4)
  Robin (D:4)
  9 adders
  An adder skeleton (D:2)
  2 dart slugs (D:1)
  2 worms
  12 orcs
  4 ball pythons
  4 bats
  5 endoplasms
  4 giant cockroaches
  17 goblins
  8 hobgoblins
  6 kobolds
  A quokka (D:3)
  4 frilled lizards
  A quokka skeleton (D:4)
  5 rats
90 creatures vanquished.

Notes
Turn   | Place    | Note
-------+----------+-------------------------------------------
     0 | D:1      | HessuHobo the Ogre Venom Mage began the quest for the Orb.
     0 | D:1      | Reached XP level 1. HP: 16/16 MP: 3/3
    54 | D:1      | Reached skill level 1 in Transmutations
   293 | D:1      | Reached XP level 2. HP: 24/24 MP: 1/5
   558 | D:1      | Learned a level 2 spell: Poisonous Vapours
  1064 | D:1      | Reached XP level 3. HP: 31/31 MP: 0/7
  1554 | D:1      | Found a faded altar of an unknown god.
  1561 | D:1      | Prayed at the altar of an unknown god.
  1561 | D:1      | Became a worshipper of Ru the Awakened
  2542 | D:2      | Reached XP level 4. HP: 35/39 MP: 0/9
  3162 | D:3      | Reached XP level 5. HP: 35/45 MP: 0/10
  5198 | D:4      | Noticed Robin
  5241 | D:4      | Killed Robin
  5242 | D:4      | Reached XP level 6. HP: 53/53 MP: 2/12
  5869 | D:4      | Noticed Blork the orc
  5928 | D:4      | Killed from afar by Blork the orc

Illustrated notes

Levels and vault maps discovered:
D:1:      onia_arrival_mini_spirals, layout_loops_ring,
          dilly_ecumenical_altar_fadedgnrine, chequers_serial_rivers_micro_e
D:2:      layout_basic
D:3:      layout_basic
D:4:      layout_loops_ring, nicolae_uskayaw_suspiria, uniq_robin, uniq_edmund,
          uniq_blork_the_orc

Skill      XL: |  1  2  3  4  5 |
---------------+----------------+-----
Transmutations | 1 2 3 |  3.3
Poison Magic   | 3 4 |  4.2
Spellcasting   | 3 4 |  4.6
Dodging        | |  1.7
Stealth        | |  1.4

Action                   |  1- 3 |  4- 6 || total
-------------------------+-------+-------++-------
Melee: Short sword       |    16 |       ||    16
       Dagger            |    24 |   113 ||   137
 Cast: Sting             |    33 |    55 ||    88
       Poisonous Vapours |    20 |    55 ||    75
  Use: Scroll            |       |     3 ||     3
       Potion            |       |     1 ||     1
Armor: Robe              |    14 |    35 ||    49
Dodge: Dodged            |    27 |    62 ||    89
Block: Other             |       |    23 ||    23

Table legend: (Time is in decaauts)
 A = Elapsed time spent in this place.
 B = Non-inter-level travel time spent in this place.
 C = Inter-level travel time spent in this place.
 D = Time resting spent in this place.
 E = Time spent auto-exploring this place.
 F = Levels seen in this place.
 G = Mean time per level.
                   A        B        C        D        E       F      G
               +--------+--------+--------+--------+--------+-----+--------+
         Total |   5872 |   5647 |    225 |   2675 |   2044 |   4 | 1468.0 |
       Dungeon |   5872 |   5647 |    225 |   2675 |   2044 |   4 | 1468.0 |
               +--------+--------+--------+--------+--------+-----+--------+

Top non-repeatable levels by time:
     D:3: 2256 daAuts
     D:1: 1765 daAuts
     D:2: 1029 daAuts
     D:4: 820 daAuts
